Map: [ESL] Site Delta

Players

Kelazhur

  • Race: Terran Terran
  • Spawn Location: 11:00

ByuN - Winner!

  • Race: Terran Terran
  • Spawn Location: 5:00

Event: IEM Katowice 2024

VOD

Have the link to the VOD?

Description

Time

  • Played on: Feb. 9, 2024, 12:22 p.m.
  • Length: 25:27

All games in this series

Show
View Real Time Build Order
Export as new Build Order

Kelazhur Terran 

Build Orders: Cyclone Opening 

Get SALT Encoding   

  12  0:00  SCV  
  13  0:12  SCV  
  14  0:17  Supply Depot  
  14  0:24  SCV  
  15  0:38  SCV  
  15  0:39  Barracks  
  15  0:42  Refinery  
  16  0:50  SCV  
  16  0:52  Refinery  
  17  1:02  SCV  
  18  1:15  SCV  
  19  1:26  Reaper  
  19  1:27  Orbital Command  
  19  1:28  Supply Depot  
  20  1:40  Factory  
  20  1:52  SCV  
  21  1:58  Reaper  
  22  2:04  SCV  
  23  2:15  Command Center  
  23  2:17  SCV  
  24  2:23  Cyclone  
  24  2:29  SCV  
  27  2:30  Barracks Reactor  
  27  2:35  Supply Depot  
  27  2:41  SCV  
  28  2:53  SCV  
  28  2:54  Starport  
  29  2:59  Factory Tech Lab  
  29  3:05  SCV  
  30  3:06  Marine x2  
  32  3:17  SCV  
  32  3:18  Siege Tank  
  36  3:24  Marine  
  36  3:25  Marine  
  36  3:26  Orbital Command  
  38  3:27  Refinery  
  38  3:29  SCV  
  38  3:33  Starport Tech Lab  
  39  3:41  SCV  
  39  3:42  Marine x2  
  42  3:50  Supply Depot  
  42  3:52  Raven  
  42  3:53  SCV  
  42  3:54  SCV  
  46  4:05  SCV  
  46  4:07  SCV  
  48  4:10  Barracks x2  
  48  4:12  Stimpack  
  48  4:15  Marine  
  49  4:18  SCV  
  49  4:19  SCV  
  49  4:20  Factory Reactor  
  51  4:28  Raven  
  51  4:31  SCV x2  
  55  4:32  Supply Depot  
  55  4:34  Marine  
  56  4:43  SCV x2  
  56  4:45  Supply Depot  
  58  4:52  Marine  
  59  4:55  SCV x2  
  59  4:57  Supply Depot  
  61  5:00  Marine x2  
  61  5:05  Marine x2  
  65  5:07  SCV x2  
  65  5:09  Marine  
  65  5:13  Supply Depot  
  65  5:14  Siege Tank  
  71  5:15  Starport Reactor  
  71  5:19  SCV x2  
  71  5:21  Marine x2  
  74  5:24  Marine x2, Engineering Bay  
  74  5:27  Marine  
  78  5:32  SCV x2  
  80  5:41  Marine x3  
  80  5:42  Marine  
  84  5:46  Siege Tank  
  84  5:48  Supply Depot  
  84  5:49  Refinery  
  87  5:52  Medivac x2  
  87  5:55  Marine  
  92  5:59  Command Center  
  92  6:02  Combat Shield  
  92  6:04  Terran Infantry Weapons Level 1  
  92  6:05  Marine x2  
  92  6:09  Marine  
  95  6:15  SCV  
  95  6:29  SCV x2  
  95  6:30  Viking x2, Marine x2  
  95  6:31  Marine x2  
  99  6:38  Marine  
  100  6:41  SCV  
  100  6:45  Supply Depot  
  101  6:48  Marine  
  100  6:56  Marine x2  
  102  7:07  Medivac x2, Marine x3, SCV  
  110  7:09  Supply Depot  
  110  7:10  Siege Tank, SCV  
  110  7:14  Marine  
  114  7:20  Supply Depot, SCV x2  
  111  7:31  Marine  
  111  7:32  SCV x2  
  111  7:34  Orbital Command  
  111  7:37  Barracks  
  105  7:40  Barracks, Medivac  
  105  7:41  Medivac  
  105  7:43  Siege Tank  
  106  7:46  Armory, SCV x2  
  106  7:47  Marine, Engineering Bay  
  106  7:49  Marine x2  
  107  8:05  Marine  
  108  8:15  Orbital Command  
  108  8:17  Marine x4  
  108  8:19  Siege Tank  
  98  8:23  Marine  
  98  8:24  SCV x2  
  98  8:25  Terran Infantry Armor Level 1  
  96  8:30  Barracks Reactor x2  
  96  8:33  Missile Turret  
  96  8:35  Missile Turret, Marine x4  
  96  8:36  SCV  
  96  8:39  SCV  
  102  8:41  Marine  
  102  8:43  Supply Depot  
  102  8:45  Liberator  
  102  8:48  SCV  
  107  8:50  Sensor Tower  
  107  8:52  Siege Tank, Marine  
  111  8:57  Missile Turret  
  111  8:58  Marine  
  111  8:59  SCV  
  111  9:01  SCV  
  114  9:04  Terran Infantry Weapons Level 2  
  114  9:08  Marine  
  115  9:11  Marine  
  115  9:12  Marine x4  
  115  9:16  SCV, Refinery  
  121  9:17  Refinery  
  121  9:21  Marine  
  121  9:22  Marine x2  
  124  9:25  SCV x2  
  124  9:27  Siege Tank  
  124  9:29  Marine  
  130  9:32  Marine x3  
  130  9:37  Supply Depot  
  133  9:41  Supply Depot  
  129  9:48  Marine x5  
  129  9:49  Marine  
  129  9:50  Marine x2  
  134  9:59  Siege Tank  
  137  10:00  SCV x3  
  137  10:02  Command Center  
  141  10:08  Marine  
  141  10:10  Orbital Command  
  141  10:12  SCV  
  141  10:13  Terran Vehicle Weapons Level 1  
  142  10:15  Factory  
  142  10:16  Marine  
  142  10:17  Marine x5  
  142  10:19  Barracks Reactor  
  142  10:20  Supply Depot  
  142  10:21  Supply Depot  
  147  10:34  Marine  
  145  10:41  Terran Infantry Armor Level 2  
  141  10:44  Marine x2  
  141  10:45  Supply Depot  
  141  10:46  Marine  
  144  10:56  Marine  
  144  10:57  Marine x6  
  142  11:00  Siege Tank  
  142  11:01  Supply Depot  
  142  11:02  Marine x2  
  142  11:04  Siege Tank, Marine  
  156  11:09  Medivac x2  
  161  11:14  Marine x2  
  161  11:17  Missile Turret  
  163  11:18  Missile Turret  
  163  11:23  Marine  
  163  11:24  Marine x7  
  171  11:27  SCV x2  
  171  11:30  SCV  
  171  11:32  Supply Depot, Marine x2  
  175  11:37  Terran Infantry Weapons Level 3  
  175  11:39  SCV  
  177  11:41  Marine  
  177  11:43  Marine x6  
  174  11:47  SCV x2  
  174  11:51  Planetary Fortress, SCV  
  176  11:56  Marine x3  
  176  11:59  Marine  
  176  12:01  Marine x2  
  180  12:03  Marine x4, SCV  
  188  12:14  Marine x3  
  185  12:17  Marine  
  185  12:19  Marine x2  
  185  12:21  Marine  
  171  12:24  Marine x3  
  166  12:30  Viking  
  166  12:31  Marine  
  166  12:32  Marine x2  
  166  12:33  Siege Tank  
  173  12:37  Orbital Command  
  173  12:42  Marine  
  173  12:43  Marine x3  
  174  12:50  SCV x2  
  176  12:54  Siege Tank  
  179  13:02  SCV  
  183  13:05  Siege Tank  
  183  13:08  Terran Infantry Armor Level 3  
  183  13:20  Refinery  
  183  13:23  Sensor Tower, Marine  
  183  13:24  Marine x4  
  183  13:26  Siege Tank  
  191  13:32  Marine  
  188  13:41  Marine x4  
  188  13:48  Marine x4  
  189  13:51  SCV  
  189  13:53  Siege Tank  
  189  13:54  Viking  
  187  13:56  Marine  
  187  14:00  Marine x5  
  187  14:02  Siege Tank  
  196  14:05  Marine  
  196  14:06  Marine x3  
  200  14:16  Marine  
  193  14:18  Marine x4  
  193  14:22  Marine  
  193  14:23  Marine x2  
  187  14:25  Siege Tank  
  187  14:28  SCV x3  
  187  14:29  Command Center  
  189  14:34  Siege Tank  
  189  14:37  Liberator x2  
  197  14:39  Marine x3  
  197  14:40  SCV  
  196  14:59  Siege Tank  
  196  15:06  Siege Tank  
  194  15:08  Marine  
  194  15:12  SCV x3  
  196  15:15  Supply Depot  
  196  15:16  Command Center, Terran Vehicle Weapons Level 2  
  189  15:34  Marine x7  
  179  15:37  Siege Tank  
  152  15:59  Medivac x2  
  156  16:16  Siege Tank  
  159  16:23  Siege Tank  
  162  16:26  Orbital Command  
  162  16:28  Sensor Tower  
  156  16:33  Marine  
  156  16:37  Marine  
  156  16:38  Marine  
  144  16:42  SCV x2  
  144  16:43  Marine  
  144  16:46  Marine x3  
  150  16:48  Siege Tank  
  155  16:54  SCV x2  
  155  16:55  Siege Tank  
  155  16:57  Missile Turret  
  158  17:09  Marine x10  
  158  17:15  Command Center  
  168  17:18  Medivac x2  
  168  17:20  Siege Tank  
  173  17:27  Marine x4  
  160  17:33  SCV x2  
  160  17:37  Marine x2  
  135  17:44  Siege Tank  
  135  17:45  SCV x2  
  135  17:47  Marine x8  
  145  17:54  Marine  
  145  17:55  Marine  
  145  17:57  SCV x2  
  149  17:59  Liberator  
  149  18:04  Liberator  
  149  18:05  Marine x2  
  156  18:10  Marine x2  
  156  18:12  Marine  
  160  18:21  Siege Tank  
  163  18:28  Siege Tank  
  164  18:37  Marine x2  
  162  18:54  Marine  
  158  19:04  Orbital Command  
  141  19:33  Siege Tank  
  141  19:50  Siege Tank  
  139  20:01  Planetary Fortress  
  139  20:06  Marine x2  
  141  20:19  Marine x7  
  148  20:22  Medivac  
  148  20:27  Medivac  
  152  20:32  Marine  
  152  20:33  Marine  
  152  20:35  Siege Tank  
  148  20:43  Orbital Command  
  148  20:48  Marine x6  
  154  21:07  Viking x2  
  158  21:16  Orbital Command  
  158  21:19  Siege Tank x2  
  136  21:49  Marine x2  
  136  21:50  Marine  
  137  21:55  Siege Tank  
  113  22:21  Marine x10  
  113  22:22  Siege Tank  
  98  22:39  Marine x10  
  87  23:00  Marine x10  
  86  23:17  Marine  
  86  23:18  Marine x3  
  86  23:19  Marine  
  89  23:20  Marine x3  
  89  23:26  Siege Tank  
  95  23:28  Siege Tank  
  97  23:34  Medivac  
  99  23:44  Marine  
  100  23:51  SCV  
  100  23:53  SCV  
  100  24:01  Marine x4  
  103  24:03  SCV  
  103  24:05  SCV  
  100  24:16  SCV  
  82  24:43  SCV  
  75  24:55  SCV  
  75  24:58  Marine x4  
Show
View Real Time Build Order
Export as new Build Order

ByuN Terran - Winner!

Build Orders: Cyclone Opening 

Get SALT Encoding   

  12  0:00  SCV  
  13  0:12  SCV  
  14  0:17  Supply Depot  
  14  0:24  SCV  
  15  0:39  Barracks, SCV  
  15  0:42  Refinery  
  16  0:51  SCV  
  16  0:53  Refinery  
  17  1:03  SCV  
  18  1:15  SCV  
  19  1:26  Reaper  
  19  1:27  Orbital Command  
  19  1:31  Supply Depot  
  20  1:40  Factory  
  20  1:53  SCV  
  21  1:59  Reaper  
  22  2:05  SCV  
  23  2:17  Command Center  
  23  2:20  SCV  
  24  2:28  Cyclone  
  26  2:32  Reaper, SCV  
  28  2:40  Supply Depot  
  28  2:44  SCV  
  28  2:50  Starport  
  29  2:56  SCV  
  30  3:01  Factory Tech Lab  
  30  3:04  Barracks Reactor  
  30  3:08  SCV  
  31  3:17  Refinery  
  31  3:20  Siege Tank, SCV  
  35  3:28  Starport Tech Lab  
  35  3:29  Orbital Command  
  35  3:32  SCV  
  36  3:43  Marine x2  
  36  3:45  SCV  
  36  3:47  Raven  
  41  3:55  SCV  
  42  3:57  SCV  
  42  4:01  Siege Tank, Supply Depot  
  46  4:04  Marine  
  46  4:06  Marine  
  46  4:07  SCV  
  46  4:09  SCV  
  50  4:19  SCV  
  50  4:21  SCV  
  50  4:23  Raven  
  54  4:29  Command Center  
  54  4:32  SCV  
  54  4:33  SCV  
  56  4:42  Factory Reactor  
  56  4:44  SCV  
  56  4:45  SCV  
  58  4:46  Barracks  
  58  4:49  Barracks, Stimpack  
  58  4:54  Supply Depot  
  58  4:56  SCV  
  58  4:57  SCV  
  60  5:00  Raven  
  62  5:13  Engineering Bay x2  
  62  5:15  SCV  
  62  5:16  SCV  
  64  5:24  Refinery  
  64  5:26  Marine, Supply Depot  
  64  5:28  SCV x2  
  67  5:40  Marine x2, SCV x2  
  67  5:41  Siege Tank, Starport Reactor  
  67  5:42  Orbital Command  
  74  5:44  Marine  
  74  5:47  Terran Infantry Weapons Level 1, Terran Infantry Armor Level 1  
  75  5:50  Marine  
  75  5:51  Marine  
  77  5:57  Barracks  
  77  6:00  Barracks, Marine  
  77  6:02  Marine  
  77  6:03  Marine  
  80  6:05  SCV  
  80  6:06  Orbital Command  
  80  6:07  SCV  
  80  6:08  Marine  
  80  6:09  Marine  
  84  6:15  Supply Depot  
  84  6:18  SCV  
  84  6:19  Marine, SCV  
  84  6:20  Marine  
  84  6:22  Missile Turret  
  87  6:27  Marine  
  87  6:28  Marine x2  
  87  6:30  SCV  
  87  6:31  SCV  
  92  6:34  SCV  
  92  6:37  Marine  
  92  6:38  Marine  
  92  6:39  Armory, Missile Turret  
  95  6:42  SCV  
  95  6:43  SCV  
  95  6:44  Combat Shield  
  95  6:45  Medivac  
  99  6:48  Medivac  
  99  6:49  Barracks Reactor x2  
  101  6:58  SCV x2  
  101  6:59  Supply Depot  
  101  7:00  SCV  
  104  7:04  Siege Tank  
  104  7:05  Marine x2  
  109  7:10  SCV, Marine  
  109  7:13  SCV x2  
  107  7:17  Marine x2  
  107  7:22  SCV  
  109  7:23  Marine x2  
  109  7:25  SCV x2  
  109  7:27  Marine  
  109  7:28  Marine x2  
  101  7:32  Marine  
  101  7:33  Marine  
  101  7:34  SCV  
  101  7:35  Marine  
  88  7:37  SCV x2  
  88  7:39  Marine  
  88  7:41  Marine  
  92  7:46  SCV  
  92  7:49  Terran Infantry Weapons Level 2, SCV x2  
  95  7:52  Terran Infantry Armor Level 2  
  95  7:57  Marine x3  
  97  7:59  SCV  
  97  8:00  Marine x3  
  97  8:01  SCV x2, Marine x3  
  106  8:10  Siege Tank  
  106  8:11  SCV  
  110  8:13  SCV x2  
  110  8:14  Marine, Medivac x2  
  110  8:15  Marine  
  110  8:17  Marine  
  110  8:18  Marine  
  110  8:19  Marine  
  104  8:21  Marine x4  
  104  8:26  SCV  
  109  8:27  Refinery x2  
  109  8:28  Sensor Tower  
  109  8:31  SCV x2  
  109  8:32  Marine x2  
  110  8:37  Supply Depot  
  110  8:38  SCV  
  111  8:43  SCV x2  
  111  8:47  Marine x4  
  117  8:51  Missile Turret  
  117  8:53  SCV, Marine x3  
  117  8:55  Siege Tank  
  124  8:58  SCV  
  124  8:59  SCV  
  124  9:02  Medivac, Marine x2  
  128  9:03  Medivac  
  128  9:05  Marine  
  128  9:07  Terran Vehicle Weapons Level 1, Supply Depot  
  133  9:14  Supply Depot  
  133  9:17  Supply Depot  
  133  9:28  SCV x3  
  133  9:29  Marine x5  
  133  9:30  Marine  
  141  9:35  Marine x3  
  141  9:36  Siege Tank  
  141  9:38  Medivac x2  
  144  9:47  Marine x3  
  144  9:52  Marine x3  
  137  9:53  Marine x2  
  137  9:59  Marine  
  140  10:01  SCV x3  
  140  10:05  Marine  
  140  10:06  Terran Infantry Weapons Level 3  
  145  10:08  Command Center, Medivac x2  
  145  10:09  Terran Infantry Armor Level 3  
  145  10:13  Marine x5  
  154  10:15  Marine  
  155  10:27  Barracks Reactor  
  155  10:28  Siege Tank, Supply Depot x2  
  155  10:32  Marine x2  
  155  10:33  Marine x4  
  155  10:34  Marine  
  155  10:35  Marine  
  157  10:39  Supply Depot  
  157  10:42  Viking  
  157  10:49  Viking  
  153  10:58  SCV  
  153  10:59  SCV x2  
  156  11:10  Barracks x3  
  156  11:11  SCV x3  
  159  11:12  Medivac  
  159  11:13  Marine x5  
  159  11:14  Marine x2  
  159  11:17  Marine  
  169  11:19  Planetary Fortress, Medivac  
  171  11:28  Missile Turret  
  171  11:31  Sensor Tower, Marine x6  
  177  11:43  Siege Tank  
  177  11:45  Marine x4  
  177  11:46  Missile Turret  
  178  11:49  Marine x2  
  180  11:54  Marine  
  180  11:55  Marine x3  
  184  12:03  Marine x2  
  184  12:04  Marine x4  
  190  12:15  Siege Tank, Marine  
  180  12:16  Marine  
  180  12:18  Marine x3  
  180  12:21  Marine x2  
  180  12:22  Marine x2  
  166  12:25  Marine  
  148  12:32  Marine  
  148  12:33  Marine  
  148  12:36  Barracks Reactor x2  
  145  12:37  Barracks Reactor  
  145  12:40  Command Center  
  143  12:46  Medivac x2  
  143  12:47  Siege Tank  
  150  12:53  Marine  
  150  12:54  Marine x9  
  160  13:11  Marine  
  160  13:12  Marine x2  
  163  13:16  Viking  
  165  13:22  Supply Depot  
  165  13:24  Siege Tank, Marine  
  169  13:28  Marine  
  169  13:32  Marine  
  169  13:33  Marine x3  
  169  13:34  Marine x3  
  172  13:39  Marine  
  175  13:47  Marine x2  
  173  13:51  Marine x4  
  173  13:53  Marine x2  
  177  13:55  Marine  
  177  13:56  Siege Tank, Marine x6  
  177  13:57  Marine  
  188  14:05  Marine x2  
  188  14:08  Marine  
  188  14:09  Marine x3  
  191  14:11  Marine x2  
  191  14:13  Marine  
  191  14:14  Marine x6  
  193  14:25  Marine x3  
  193  14:26  Marine x3  
  193  14:28  Marine  
  193  14:29  Marine x2  
  193  14:30  Orbital Command  
  189  14:33  Marine  
  187  14:44  Siege Tank  
  180  14:47  Marine x8  
  188  15:05  Marine  
  183  15:16  Siege Tank  
  181  15:21  Marine  
  181  15:22  Marine  
  181  15:23  Marine  
  179  15:28  Command Center, Marine x2  
  179  15:30  Marine  
  179  15:32  Marine x2  
  161  15:38  SCV  
  144  15:50  SCV  
  145  16:02  Marine  
  145  16:03  Marine x4  
  150  16:14  Marine x11  
  150  16:16  Medivac x2  
  162  16:20  Marine  
  156  16:34  Marine  
  156  16:35  Marine  
  156  16:38  Marine  
  156  16:39  Marine x2  
  136  16:41  Marine  
  136  16:47  Marine x7  
  134  16:50  Planetary Fortress  
  134  16:51  Marine x3  
  134  16:52  Siege Tank, Medivac x2, Marine  
  134  16:53  Command Center, Marine  
  153  16:56  Marine  
  151  17:01  SCV  
  151  17:02  Marine  
  153  17:14  Marine x2, SCV  
  149  17:24  Siege Tank  
  149  17:26  SCV  
  149  17:28  Marine x6  
  153  17:31  Marine  
  153  17:36  Marine  
  138  17:40  Marine x3  
  138  17:42  Marine  
  131  17:45  Marine x2  
  131  17:50  Marine  
  129  17:55  Marine x7  
  129  17:56  Siege Tank  
  130  18:00  SCV  
  131  18:09  Marine  
  131  18:11  Marine x8  
  137  18:13  Marine x3, SCV  
  141  18:25  SCV  
  142  18:28  Siege Tank  
  142  18:30  Marine  
  146  18:37  SCV  
  146  18:40  Marine  
  147  18:43  Liberator x2  
  147  18:45  Marine  
  147  18:46  Marine x7  
  161  18:49  SCV, Marine  
  161  18:53  Command Center  
  163  19:00  Siege Tank  
  163  19:01  SCV  
  164  19:08  Marine  
  134  19:11  Orbital Command  
  132  19:23  SCV  
  131  19:25  Orbital Command  
  131  19:26  Liberator x2  
  135  19:32  Siege Tank  
  139  19:40  Marine  
  139  19:41  Marine x2  
  139  19:42  Marine  
  135  19:46  Marine x6  
  135  19:47  Marine  
  139  20:01  Marine x4  
  139  20:02  Marine  
  139  20:03  Marine  
  139  20:04  Marine x5  
  139  20:06  Marine  
  151  20:10  Orbital Command  
  151  20:16  Marine x2  
  153  20:23  Siege Tank, Sensor Tower  
  151  20:28  Marine  
  151  20:32  Marine x2  
  151  20:33  Marine x8  
  159  20:36  Marine  
  160  20:45  Viking  
  162  20:55  SCV x3  
  165  21:03  Siege Tank  
  165  21:05  Marine x2  
  165  21:06  Marine x2  
  169  21:12  Marine x2  
  169  21:13  Marine x2  
  169  21:14  Viking  
  169  21:15  Viking  
  169  21:17  Refinery  
  169  21:18  Refinery  
  172  21:44  Marine  
  172  21:45  Marine  
  172  21:46  Marine  
  164  21:47  Marine  
  164  21:48  Marine x5  
  164  21:49  Marine  
  164  21:50  Marine  
  169  21:55  Marine x5  
  173  22:02  Marine  
  173  22:03  Marine  
  173  22:04  Siege Tank, Marine  
  173  22:05  Marine  
  173  22:07  Marine x4  
  181  22:12  Marine x3  
  181  22:13  Marine x3  
  181  22:14  Marine  
  172  22:17  Marine  
  172  22:21  Marine x2  
  172  22:22  Marine  
  164  22:23  Marine  
  164  22:25  Marine x3  
  164  22:26  Marine  
  164  22:29  Marine  
  146  22:30  Marine  
  146  22:34  Marine x5  
  146  22:35  Marine  
  124  22:50  Marine  
  121  22:54  Marine x2  
  115  23:00  Marine  
  115  23:01  Marine  
  113  23:14  Marine x2  
  111  23:31  SCV  
  112  23:37  Marine x2  
  111  24:11  Marine x7  
  110  24:24  Marine  
  110  24:25  Marine  
  110  24:27  Marine  
  93  24:50  Marine  
  94  25:08  Marine x2  

Tags
 
Add a new tag
Caveats
  • Supply blocks, unpowered buildings, or Contaminate may cause inaccurate times.
  • Supply counts are checked every 10 seconds.